AoeStats
← Lord_Wilfredo

Arena

508573898Analyzed
4v4 RM · 10d ago on Sep 23, 2026· 35m 43s· 8 players
Game mode
Random Map
Map size
Large (8 player)
Population
200
Speed
Normal
Resources
Standard
Victory
Conquest
Starting age
Dark Age
Ending age
Imperial Age
RankedLock teamsTeams togetherTeam positionsShared explorationLock speedFull tech treeHidden civsTurbo modeCheats
Victory
Defeat
🇲🇽 Burgundians · Mexico
1347
+14
🇲🇽 Bengalis · Mexico
1331
+14
🇨🇳 Franks · China
1314
+15
🇲🇽 Turks · Mexico
1205
+20
🇺🇸 Huns · United States
1357
-18
🇦🇷 Spanish · Argentina
1333
-17
🇦🇷 Goths · Argentina
1242
-14
🇲🇽 Mongols · Mexico
1242
-14
DGKR5507
10:46 Feudal Age
14:41 Castle Age
12:38 Double-Bit Axe
16:28 Loom
26:57 Imperial Age
24:35 Scale Barding Armor
25:07 Forging
25:03 Gold Mining
25:25 Bow Saw
25:08 Stone Mining
26:19 Chain Barding Armor
28:00 Gold Shaft Mining
28:05 Wheelbarrow
28:14 Wheelbarrow
28:16 Iron Casting
27:44 Husbandry
27:25 Cavalier
27:56 Town Watch
29:26 Plate Barding Armor
29:22 Conscription
30:33 Blast Furnace
30:33 Capped Ram
31:33 Caravan
32:50 Hand Cart
31:59 Paladin
Sastre ᴿˢ-
10:02 Feudal Age
14:04 Castle Age
14:25 Double-Bit Axe
16:09 Scale Barding Armor
18:34 Gold Mining
20:08 Horse Collar
20:58 Forging
22:30 Loom
23:07 Cavalier
25:02 Iron Casting
26:40 Wheelbarrow
27:03 Husbandry
29:14 Chain Barding Armor
29:17 Heavy Plow
32:07 Bow Saw
34:55 Hand Cart
36:25 Gold Shaft Mining
KOBU ︻芫 ———
12:30 Feudal Age
13:18 Double-Bit Axe
13:14 Horse Collar
16:25 Castle Age
20:35 Imperial Age
18:30 Heavy Plow
19:20 Bow Saw
19:13 Gold Mining
22:51 Loom
25:51 Padded Archer Armor
30:04 Town Watch
30:57 Wheelbarrow
31:22 Leather Archer Armor
33:27 Ring Archer Armor
CCM | Zero
10:36 Feudal Age
14:05 Castle Age
12:40 Double-Bit Axe
13:03 Horse Collar
16:17 Heavy Plow
17:08 Loom
19:02 Wheelbarrow
21:37 Fervor
21:55 Hand Cart
21:41 Gold Mining
23:46 Gold Shaft Mining
24:43 Bow Saw
25:47 Town Watch
29:21 Imperial Age
27:06 Masonry
27:09 Fortified Wall
27:15 Fletching
28:55 Padded Archer Armor
30:02 Sanctity
30:00 Stone Mining
31:09 Bodkin Arrow
30:43 Elite Elephant Archer
31:44 Leather Archer Armor
32:08 Ballistics
32:33 Conscription
33:31 Bracer
34:02 Ring Archer Armor
33:47 Bloodlines
33:37 Husbandry
Handsome Prince
9:47 Feudal Age
10:12 Double-Bit Axe
10:12 Horse Collar
16:36 Castle Age
18:18 Bow Saw
19:11 Loom
19:36 Heavy Plow
21:22 Wheelbarrow
27:36 Imperial Age
26:18 Fletching
26:47 Bloodlines
26:38 Husbandry
29:43 Imperial Age
28:02 Bodkin Arrow
29:21 Padded Archer Armor
chopin2374
7:34 Loom
9:19 Feudal Age
14:30 Castle Age
12:42 Double-Bit Axe
13:10 Horse Collar
18:33 Wheelbarrow
19:59 Husbandry
20:12 Bloodlines
20:20 Bow Saw
21:07 Light Cavalry
24:00 Gold Mining
24:38 Scale Barding Armor
26:00 Gold Shaft Mining
25:27 Heavy Plow
27:49 Chain Barding Armor
27:40 Forging
28:44 Hand Cart
30:13 Iron Casting
33:58 Imperial Age
34:13 Heavy Camel Rider
36:04 Blast Furnace
Rodrisdb
10:51 Feudal Age
10:24 Loom
14:44 Castle Age
12:31 Horse Collar
20:40 Wheelbarrow
19:55 Town Watch
22:58 Double-Bit Axe
27:42 Imperial Age
25:55 Gold Mining
26:08 Scale Mail Armor
27:29 Anarchy
27:58 Heavy Plow
28:21 Forging
28:27 Chain Mail Armor
29:49 Pikeman
30:30 Squires
Lord_Wilfredo
10:38 Feudal Age
14:04 Castle Age
11:50 Double-Bit Axe
12:54 Horse Collar
14:58 Bow Saw
17:01 Loom
21:34 Wheelbarrow
26:52 Imperial Age
24:58 Town Watch
25:35 Fletching
25:45 Padded Archer Armor
25:43 Elite Skirmisher
26:39 Bodkin Arrow
29:01 Chemistry
28:35 Thumb Ring
29:52 Inquisition
29:55 Bracer
30:19 Conscription
30:29 Pikeman
31:09 Squires
31:15 Scale Mail Armor
31:26 Forging
31:32 Leather Archer Armor
31:40 Halberdier
32:47 Chain Mail Armor
33:06 Fortified Wall
34:47 Iron Casting
36:04 Hand Cart
Connection lost

Rejoining the realm…

Still unreachable

The connection could not be restored.

Session expired

The server has moved on; the page needs a fresh start.